 Dungeon Crawl Stone Soup version 0.31-a0-949-g57150269e1 (webtiles) character file.

Game seed: 9006679283969028975

8190 DocEon the Eclecticist (level 11, 0/54 HPs)
             Began as a Deep Elf Conjurer on Oct 21, 2023.
             Was an Elder of Vehumet.
             Killed by an exploding ball lightning (19 damage)
             ... on level 10 of the Dungeon.
             The game lasted 00:14:37 (11845 turns).

DocEon the Eclecticist (Deep Elf Conjurer)         Turns: 11845, Time: 00:14:37

Health: 0/54       AC: 14    Str:  4    XL:     11   Next: 6%
Magic:  16/33      EV: 12    Int: 28    God:    Vehumet [****..]
Gold:   437        SH:  5    Dex: 13    Spells: 20/42 levels left

rFire   . . .        H - +0 lajatang
rCold   . . .        (shield currently unavailable)
rNeg    . . .        E - +0 steam dragon scales
rPois   .            (no helmet)
rElec   .            i - +1 cloak
rCorr   .            x - +1 pair of gloves
SInv    .            y - +0 pair of boots
Will    ++...        o - amulet of reflection
Stlth   ++           g - ring of willpower
HPRegen 0.29/turn    p - +4 ring of protection
MPRegen 0.23/turn

%: reflection
@: no status effects
A: no striking features
a: Renounce Religion


You were on level 10 of the Dungeon.
You worshipped Vehumet.
Vehumet was greatly pleased with you.
You visited 2 branches of the dungeon, and saw 11 of its levels.
You also visited: Sewer.

You collected 437 gold pieces.

Inventory:

Hand Weapons
 H - a +0 lajatang (weapon)
Armour
 a - a +0 robe
 i - a +1 cloak (worn)
 x - a +1 pair of gloves (worn)
 y - a +0 pair of boots (worn)
 E - +0 steam dragon scales (worn)
Jewellery
 g - a ring of willpower (left hand)
 o - an amulet of reflection (around neck)
 p - a +4 ring of protection (right hand)
 v - a ring of ice
 w - an amulet of magic regeneration
 B - a +4 ring of slaying
 G - an amulet of regeneration
Wands
 d - a wand of iceblast (3)
 e - a wand of charming (26)
 n - a wand of polymorph (9)
 s - a wand of flame (42)
 D - a wand of digging (14)
 I - a wand of mindburst (8)
 J - a wand of light (1)
Scrolls
 r - a scroll of revelation
 t - 3 scrolls of fear
 u - 5 scrolls of fog
 z - 3 scrolls of enchant armour
 A - 2 scrolls of enchant weapon
 C - 4 scrolls of teleportation
 F - 2 scrolls of vulnerability
 L - a scroll of poison
Potions
 b - a potion of magic
 c - 5 potions of brilliance
 f - a potion of lignification
 h - a potion of invisibility
 j - 2 potions of curing
 k - a potion of haste
 l - a potion of heal wounds
 m - 2 potions of might
 q - 2 potions of mutation
 K - 2 potions of resistance


   Skills:
 - Level 2.4 Dodging
 - Level 2.4 Stealth
 * Level 16.3 Spellcasting
 + Level 10.8 Conjurations
 - Level 3.0 Hexes
 - Level 3.0 Translocations
 + Level 6.2 Air Magic


You had 20 spell levels left.
You knew the following spells:

 Your Spells              Type           Power      Damage    Failure   Level
a - Magic Dart            Conj           100%       1d8       1%          1
b - Searing Ray           Conj           100%       2d8       1%          2
c - Fulminant Prism       Conj/Hex       28%        3d14      1%          4
d - Iskenderun's Mystic   Conj/Tloc      57%        2d12      1%          4
e - Blink                 Tloc           78%        N/A       1%          2
f - Conjure Ball Lightni  Conj/Air       31%        3x3d10    2%          6
g - Mephitic Cloud        Conj/Pois/Air  53%        N/A       1%          3

Your spell library contained the following spells:

 Spells                   Type           Power      Damage    Failure   Level
 Sticky Flame             Conj/Fire      52%        2d7       1%          4
 Kiss of Death            Conj/Necr      100%       2d13      1%          1
 Sandblast                Erth           44%        2d11      1%          1
 Lesser Beckoning         Tloc           78%        N/A       1%          2
 Momentum Strike          Conj/Tloc      100%       3d10      1%          2
 Confusing Touch          Hex            39%        N/A       1%          3
 Dazzling Flash           Conj/Hex       100%       N/A       1%          3
 Frozen Ramparts          Ice            44%        1d7       1%          3
 Stone Arrow              Conj/Erth      100%       3d13      1%          3
 Brom's Barrelling Bould  Conj/Erth      52%        2d7       1%          4
 Passwall                 Tmut/Erth      18%        N/A       3%          2
 Dispel Undead            Necr           22%        3d12      22%         4
 Petrify                  Tmut/Erth      22%        N/A       22%         4
 Metabolic Englaciation   Hex/Ice        15%        N/A       32%         5
 Discord                  Hex            19%        N/A       100%        8
 Disjunction              Tloc           19%        N/A       100%        8


Dungeon Overview and Level Annotations

Branches:
Dungeon (10/15)            Temple (1/1) D:5            Lair (0/5) D:8
  Sewer (visited)
    Orc: D:9-12

Altars:
Ashenzari
Cheibriados
Dithmenos
Elyvilon
Fedhas
Gozag
Hepliaklqana
Kikubaaqudgha
Makhleb
Nemelex Xobeh
Okawaru
Qazlal
Ru
Sif Muna
Trog
Uskayaw
Vehumet
Wu Jian
Xom
Yredelemnul
Zin
The Shining One

Annotations:
D:4 2 runed translucent doors, Crazy Yiuf; arvidsem's ghost, amateur VSBr
D:7 1 runed translucent door, p00ps00p's ghost, novice HOFi


Message History

The magic dart hits the gnoll bouda.
The gnoll bouda is lightly wounded.
The magic dart hits the gnoll bouda.
The gnoll bouda is moderately wounded.
You can't see any susceptible monsters within range! (Use Z to cast anyway.)
You can't see any susceptible monsters within range! (Use Z to cast anyway.)
A gnoll bouda is nearby!
The magic dart hits the gnoll bouda!
The gnoll bouda is severely wounded.
A two-headed ogre comes into view.
It is wielding a +0 giant club and a +0 dire flail.
The magic dart hits the gnoll bouda.
The gnoll bouda is almost dead.
The magic dart hits the gnoll bouda.
You kill the gnoll bouda!
Vehumet accepts your kill.
You feel your power returning.
Casting: Magic Dart (safe; 1% risk of failure)
Confirm with . or Enter, or press ? or * to list all spells.
You create some ball lightning! 3 ball lightnings come into view.
Your ball lightning explodes!
The blast of lightning engulfs your ball lightning.
Your ball lightning completely resists.
The blast of lightning engulfs your ball lightning.
Your ball lightning completely resists.
The blast of lightning engulfs you!
The blast of lightning engulfs the two-headed ogre!!
The two-headed ogre is severely wounded.
Your ball lightning explodes!
The blast of lightning engulfs your ball lightning.
Your ball lightning completely resists.
The blast of lightning engulfs you!!
The blast of lightning engulfs the two-headed ogre!
The two-headed ogre is almost dead.
Your ball lightning explodes!
The blast of lightning engulfs the two-headed ogre!!
You kill the two-headed ogre!
Vehumet accepts your kill. The blast of lightning engulfs you!!
You die...

#########
#.....@.#######
#.....§§......#######
#.......#####.<.....#
#.....))# #######...
#######.# #.....## #
#......## ..
#.§§....# ... .
#......)###......


There were no monsters in sight!

Vanquished Creatures
  A two-headed ogre (D:10)
  Joseph (D:8)
  Psyche (D:9)
  Prince Ribbit (D:5)
  A hornet (D:6)
  Grinder (D:3)
  Sigmund (D:3)
  A shadow (D:9)
  2 steam dragons
  8 vampire mosquitoes
  3 water moccasins (D:8)
  2 acid dragons (D:9)
  Duvessa (D:5)
  4 orc warriors
  Pargi (Sewer)
  3 ice beasts
  6 black bears
  6 ogres
  3 centaurs
  3 phantoms
  3 kobold brigands (D:7)
  4 bullfrogs
  2 gnoll sergeants (D:9)
  A scorpion (D:4)
  3 wights (D:8)
  Dowan (D:5)
  11 killer bees (D:10)
  3 jellies
  4 gnoll boudas
  2 hounds
  2 orc priests
  3 sleepcaps
  4 iguanas
  Terence (D:2)
  10 orc wizards
  7 adders
  23 gnolls
  5 white imps
  2 ufetubi (D:5)
  A worm (D:2)
  3 dart slugs
  32 orcs
  2 endoplasms
  A giant cockroach (D:1)
  6 goblins
  19 hobgoblins
  2 quokkas
  7 ball pythons
  5 bats
  8 frilled lizards
  21 kobolds
  9 rats
  A fulminant prism (D:3)
258 creatures vanquished.

Vanquished Creatures (others)
  18 ball lightnings
  14 fulminant prisms
32 creatures vanquished.

Grand Total: 290 creatures vanquished

Notes
Turn   | Place    | Note
-------+----------+-------------------------------------------
     0 | D:1      | DocEon the Deep Elf Conjurer began the quest for the Orb.
     0 | D:1      | Reached XP level 1. HP: 10/10 MP: 6/6
   289 | D:1      | Found a faded altar of an unknown god.
   346 | D:1      | Reached XP level 2. HP: 15/15 MP: 4/8
   514 | D:1      | Reached skill level 4 in Spellcasting
  1202 | D:1      | Learned a level 2 spell: Searing Ray
  1230 | D:2      | Reached XP level 3. HP: 19/19 MP: 2/11
  1630 | D:2      | Noticed Terence
  1636 | D:2      | Killed Terence
  1637 | D:2      | Reached skill level 5 in Spellcasting
  1637 | D:2      | Reached skill level 5 in Conjurations
  1637 | D:2      | Reached XP level 4. HP: 24/24 MP: 5/13
  1695 | D:2      | Learned a level 4 spell: Fulminant Prism
  1700 | D:2      | Learned a level 4 spell: Iskenderun's Mystic Blast
  2208 | D:3      | Noticed Sigmund
  2222 | D:3      | Killed Sigmund
  2223 | D:3      | Reached skill level 6 in Spellcasting
  2223 | D:3      | Reached skill level 1 in Translocations
  2223 | D:3      | Reached XP level 5. HP: 17/28 MP: 0/15
  2391 | D:3      | Found a stormy altar of Qazlal.
  2422 | D:3      | Reached XP level 6. HP: 32/32 MP: 12/17
  2742 | D:3      | Noticed Grinder
  2752 | D:3      | Killed Grinder
  2753 | D:3      | Reached skill level 7 in Spellcasting
  3687 | D:4      | Reached XP level 7. HP: 36/36 MP: 14/19
  3827 | D:4      | Found a runed translucent door.
  3830 | D:4      | Noticed arvidsem's ghost (amateur VSBr)
  3843 | D:4      | Reached skill level 8 in Spellcasting
  3996 | D:4      | Found an ancient bone altar of Kikubaaqudgha.
  4439 | D:4      | Found a runed translucent door.
  4440 | D:4      | Noticed Crazy Yiuf
  4518 | D:4      | Found an iron altar of Okawaru.
  4594 | D:4      | Learned a level 2 spell: Blink
  4601 | D:5      | Entered Level 5 of the Dungeon
  4621 | D:5      | Found a shimmering altar of Xom.
  4623 | D:5      | Found a blossoming altar of Fedhas.
  4623 | D:5      | Found a shimmering blue altar of Sif Muna.
  4623 | D:5      | Found a bloodstained altar of Trog.
  4623 | D:5      | Noticed Duvessa
  4623 | D:5      | Noticed Dowan
  4624 | D:5      | Found an opulent altar of Gozag.
  4625 | D:5      | Found a snail-covered altar of Cheibriados.
  4633 | D:5      | Reached skill level 9 in Spellcasting
  4644 | D:5      | Killed Duvessa
  4645 | D:5      | Reached XP level 8. HP: 17/41 MP: 2/23
  4645 | D:5      | Killed Dowan
  4752 | D:5      | Noticed Prince Ribbit
  4761 | D:5      | Killed Prince Ribbit
  4762 | D:5      | Reached skill level 10 in Spellcasting
  4830 | D:5      | Found a staircase to the Ecumenical Temple.
  4836 | Temple   | Entered the Ecumenical Temple
  4852 | Temple   | Became a worshipper of Vehumet
  4898 | D:5      | Found a glowing drain.
  4903 | Sewer    | Entered a sewer
  4948 | Sewer    | Noticed Pargi
  4954 | Sewer    | Killed Pargi
  5287 | D:5      | Reached skill level 11 in Spellcasting
  5895 | D:5      | Found an ornate altar of the Wu Jian Council.
  6204 | D:6      | Reached * piety under Vehumet
  6204 | D:6      | Offered knowledge of Shock by Vehumet.
  6340 | D:6      | Learned a level 6 spell: Conjure Ball Lightning
  6347 | D:6      | Reached skill level 12 in Spellcasting
  6347 | D:6      | Reached XP level 9. HP: 45/45 MP: 15/27
  6432 | D:6      | Reached skill level 1 in Air Magic
  6683 | D:6      | Identified the +0 chain mail of Estomia {Will+}
  7171 | D:6      | Reached skill level 13 in Spellcasting
  7622 | D:7      | Reached ** piety under Vehumet
  7622 | D:7      | Offered knowledge of Scorch by Vehumet.
  8059 | D:7      | Found a runed translucent door.
  8063 | D:7      | Noticed p00ps00p's ghost (novice HOFi)
  8587 | D:8      | Reached skill level 14 in Spellcasting
  8659 | D:8      | Reached XP level 10. HP: 50/50 MP: 19/30
  8888 | D:8      | Offered knowledge of Mephitic Cloud by Vehumet.
  9011 | D:8      | Learned a level 3 spell: Mephitic Cloud
  9020 | D:8      | Found a staircase to the Lair.
  9381 | D:8      | Noticed Joseph
  9416 | D:8      | Killed Joseph
  9416 | D:8      | Reached *** piety under Vehumet
  9417 | D:8      | Reached skill level 10 in Conjurations
  9690 | D:8      | Found a broken altar of Ashenzari.
  9693 | D:8      | Found a shadowy altar of Dithmenos.
 10099 | D:9      | Reached skill level 15 in Spellcasting
 10099 | D:9      | Reached skill level 5 in Air Magic
 10571 | D:9      | Noticed Psyche
 10680 | D:9      | Offered knowledge of Sticky Flame by Vehumet.
 10812 | D:9      | Killed Psyche
 11414 | D:10     | Entered Level 10 of the Dungeon
 11453 | D:10     | Reached skill level 16 in Spellcasting
 11525 | D:10     | Reached XP level 11. HP: 54/54 MP: 6/33
 11814 | D:10     | Reached **** piety under Vehumet
 11840 | D:10     | Noticed a two-headed ogre
 11845 | D:10     | Killed a two-headed ogre
 11845 | D:10     | Killed by an exploding ball lightning

Illustrated notes

Levels and vault maps discovered:
D:1:      sevenhm_arrival_forest_fort_small_5, layout_loops_ring,
          chequers_ecumenical_altar_simple, kennysheep_flooded_box,
          minmay_stone_trees_small, minmay_hexomino_c4
D:2:      layout_basic, kennysheep_generic_room_2, uniq_terence
D:3:      cheibrodos_greedy_goblins, layout_loops_corners,
          nicolae_qazlal_scattered_showers, uniq_grinder, uniq_sigmund
D:4:      layout_basic, mainiacjoe_overflow_alcove_1, general_overflow_altar,
          gammafunk_ghost_grave, uniq_crazy_yiuf_cottage
D:5:      layout_gridville, grunt_temple_overflow_open, old_standard_altar,
          minmay_temple_entry_enclosed_plants, portal_sewer_entry_e,
          kennysheep_generic_room_12, uniq_prince_ribbit1, uniq_duvessa
D:6:      layout_basic, interstate_on_off, minmay_pentangle
D:7:      layout_gridville, ebering_ghost_inner_flame,
          chequers_serial_rivers_small_b
D:8:      layout_loops_ring, chequers_temple_overflow_statue_of_worship,
          due_lair_maze_entry_diamond, uniq_joseph
D:9:      layout_stronghold, uniq_psyche
D:10:     layout_rooms, dreamdust_gnoll_shepherd
Temple:   nicolae_temple_bog_church

Skill      XL: |  1  2  3  4  5  6  7  8  9 10 |
---------------+-------------------------------+-----
Spellcasting   | 4 5 6 7 9 12 14 16 | 16.3
Conjurations   | 5 6 8 9 10 | 10.8
Hexes          | 2 3 |  3.0
Translocations | 1 2 3 |  3.0
Air Magic      | 4 6 |  6.2
Dodging        | |  2.4
Stealth        | |  2.4

Action                     |  1- 3 |  4- 6 |  7- 9 | 10-12 || total
---------------------------+-------+-------+-------+-------++-------
   Cast: Magic Dart        |    80 |    62 |   210 |   153 ||   505
         Searing Ray       |       |     4 |    21 |     5 ||    30
         Iskenderun's Myst |       |     1 |    32 |    51 ||    84
         Fulminant Prism   |       |     1 |     5 |     9 ||    15
         Conjure Ball Ligh |       |       |       |    11 ||    11
         Mephitic Cloud    |       |       |       |     1 ||     1
  Evoke: Wand              |       |     5 |     3 |       ||     8
    Use: Scroll            |     6 |     8 |     6 |     2 ||    22
         Potion            |       |       |       |     2 ||     2
 Armour: Robe              |     4 |     5 |    41 |       ||    50
         Steam dragon scal |       |       |    11 |    54 ||    65
  Dodge: Dodged            |     5 |     7 |    52 |    14 ||    78
  Block: Other             |       |       |     9 |    14 ||    23
         Reflection        |       |       |     4 |     6 ||    10

Table legend: (Time is in decaauts)
 A = Elapsed time spent in this place.
 B = Non-inter-level travel time spent in this place.
 C = Inter-level travel time spent in this place.
 D = Time resting spent in this place.
 E = Time spent auto-exploring this place.
 F = Levels seen in this place.
 G = Mean time per level.
                   A        B        C        D        E       F      G
               +--------+--------+--------+--------+--------+-----+--------+
         Total |  11893 |  11467 |    426 |   1966 |   7951 |  12 |  991.1 |
       Dungeon |  11567 |  11171 |    396 |   1930 |   7740 |  10 | 1156.7 |
        Temple |     32 |      2 |     30 |      0 |      0 |   1 |   32.0 |
         Sewer |    293 |    293 |      0 |     36 |    211 |   1 |  293.0 |
               +--------+--------+--------+--------+--------+-----+--------+

Top non-repeatable levels by time:
     D:6: 1494 daAuts
     D:3: 1453 daAuts
     D:8: 1450 daAuts
     D:9: 1408 daAuts
     D:1: 1152 daAuts
     D:5: 1109 daAuts
     D:7: 1061 daAuts
     D:2: 1050 daAuts
     D:4: 954 daAuts
    D:10: 430 daAuts
   Sewer: 293 daAuts
  Temple: 32 daAuts
